 Dungeon Crawl Stone Soup version 0.28-a0-1206-g193881aaa2 (webtiles) character file.

Game seed: 5047507634687578425

4571 SensoryNuts the Carver (level 10, 0/74 HPs)
             Began as a Demonspawn Fighter on Dec 20, 2021.
             Was an Initiate of Gozag.
             Slain by an ice devil (34 damage)
             ... summoned by a kobold demonologist
             ... on level 9 of the Dungeon.
             The game lasted 00:10:40 (9550 turns).

SensoryNuts the Carver (Demonspawn Fighter)         Turns: 9550, Time: 00:10:41

Health: 0/74       AC: 22    Str: 21    XL:     10   Next: 18%
Magic:  10/10      EV: 11    Int:  9    God:    Gozag
Gold:   738        SH:  9    Dex: 13    Spells: 9/9 levels left

rFire   + . .      SeeInvis .   a - +2 long sword (spect)
rCold   x . .      Faith    .   c - +0 buckler
rNeg    . . .      Spirit   .   b - +0 scale mail
rPois   .          Reflect  .   (no helmet)
rElec   .          Harm     .   h - +0 cloak
rCorr   .          Rampage  .   (no gloves)
Will    +....                   (no boots)
Stlth   +.........              (no amulet)
HPRegen 0.22/turn               q - ring of fire
MPRegen 0.12/turn               (no ring)

@: sanguine armoured
A: hooves 2, icemail 1, spiny 1, sanguine armour 2, condensation shield,
strong-willed 1
a: Renounce Religion, Potion Petition, Call Merchant, Bribe Branch


You were on level 9 of the Dungeon.
You worshipped Gozag.
Gozag was pleased with you.
You visited 2 branches of the dungeon, and saw 10 of its levels.
You also visited: Sewer.

You collected 818 gold pieces.
You paid 80 gold pieces to Gozag.

Inventory:

Hand Weapons
 a - a +2 spectral long sword (weapon)
Armour
 b - a +0 scale mail (worn)
 c - a +0 buckler (worn)
 h - a +0 cloak (worn)
Jewellery
 q - a ring of fire (left hand)
 r - a +4 ring of protection
 w - a ring of poison resistance
Wands
 j - a wand of polymorph (10)
 l - a wand of mindburst (44)
 o - a wand of digging (6)
 y - a wand of flame (55)
 A - a wand of iceblast (12)
 C - a wand of acid (7)
Scrolls
 e - 3 scrolls of immolation
 k - a scroll of identify
 m - a scroll of noise
 p - 3 scrolls of fog
 t - 3 scrolls of fear
 v - 2 scrolls of amnesia
 x - a scroll of acquirement {unknown}
 B - 2 scrolls of teleportation
Potions
 d - a potion of cancellation
 f - a potion of brilliance
 g - 2 potions of attraction
 i - 5 potions of curing
 n - 3 potions of flight
 s - 2 potions of haste
 u - a potion of might


   Skills:
 + Level 5.1 Fighting
 * Level 10.4 Long Blades
 + Level 6.9 Armour
 + Level 2.8 Dodging
 + Level 2.2 Stealth
 + Level 4.4 Shields


You had 9 spell levels left.
You didn't know any spells.
Your spell library contained the following spells:

 Spells                   Type           Power      Damage    Failure   Level
 Passwall                 Tmut/Erth      0%         N/A       83%         2
 Static Discharge         Conj/Air       0%         N/A       83%         2
 Gell's Gravitas          Tloc           0%         N/A       96%         3
 Lesser Beckoning         Tloc           0%         N/A       96%         3
 Swiftness                Air            0%         N/A       96%         3
 Teleport Other           Tloc           0%         N/A       96%         3
 Lightning Bolt           Conj/Air       0%         1d11      100%        5
 Maxwell's Capacitive Co  Air            0%         ∞         100%        8


Dungeon Overview and Level Annotations

Branches:
Dungeon (9/15)             Temple (1/1) D:6            Lair (0/6) D:8
  Sewer (visited)
    Orc: D:9-12

Altars:
Ashenzari
Cheibriados
Dithmenos
Elyvilon
Fedhas
Gozag
Hepliaklqana
Kikubaaqudgha
Makhleb
Nemelex Xobeh
Okawaru
Qazlal
Ru
Sif Muna
Trog
Uskayaw
Vehumet
Wu Jian
Xom
Yredelemnul
Zin
The Shining One

Shops:
D:2 (   D:7 [   D:8 *


Innate Abilities, Weirdness & Mutations

You have hoof-like feet.
A meltable icy envelope protects you from harm. (AC +4)
You are partially covered in sharp spines.
When seriously injured, your blood forms thick armour. (AC +9)
A meltable shield of frost defends you. (SH +4)
You are strong-willed. (Will+)


Message History

The white imp shouts, "Scamper home, thou frothy pigeon-egg giglet!"
The ufetubus barely misses you. x2
The ufetubus barely misses you. You block the ufetubus's attack.
You slash the ufetubus!
You kill the ufetubus!
The ufetubus disappears in a puff of smoke!
The white imp gestures at you. The puff of frost misses you.
The iron imp shouts, "Embrace thy fall, thou weedy common-kissing puttock!"
The white imp gestures at you. The puff of frost hits you!
You feel a terrible chill!
You slash the white imp!
You kill the white imp!
The white imp disappears in a puff of smoke!
The kobold demonologist gestures wildly while chanting.
You block the iron imp's attack.
You barely miss the iron imp. You kick the iron imp.
The iron imp is lightly wounded.
The iron imp hits you but does no damage.
You slash the iron imp! Your kick misses the iron imp.
The iron imp is heavily wounded.
You barely miss the iron imp.
The iron imp is heavily wounded.
You hit the ice devil.
You kick the ice devil, but do no damage.
The ice devil is lightly wounded.
You slash the ice devil! Your kick misses the ice devil.
The ice devil is moderately wounded.
The iron imp disappears in a puff of smoke!
The ice devil hits you! The ice devil freezes you!!
You feel a terrible chill!
Your blood congeals into armour.
You barely miss the ice devil.
The ice devil is moderately wounded.
The ice devil is struck by your spines. The ice devil closely misses you.
The kobold demonologist gestures wildly while chanting.
You hit the ice devil but do no damage.
The ice devil is moderately wounded.
The ice devil hits you. The ice devil freezes you!!
You feel a terrible chill!
You die...
Your body crumbles into a pile of gold.

## ### .. $ .... .#
###### .....
...[..######+#......
.........K4@........
.........#######....
..[......# .
#######...# .#
#.....#...# ..
#.....#...####### ##
5. #.....#..........
...K####''#..........
.....55..............
.


You could see an ice devil (summoned) and a kobold demonologist.

Vanquished Creatures
  A two-headed ogre (D:8)
  A kobold demonologist (D:7)
  Grinder (D:3)
  A wyvern (D:9)
  A steam dragon (D:9)
  5 water moccasins
  5 orc warriors
  A sky beast (D:6)
  2 ice beasts
  2 necrophages
  3 ogres
  2 kobold brigands (Sewer)
  2 bullfrogs
  7 scorpions
  A wyvern skeleton (D:7)
  2 water moccasin skeletons
  A killer bee (D:7)
  A howler monkey (D:6)
  A centaur zombie (D:5)
  A hound (D:7)
  2 orc priests
  Crazy Yiuf (D:2)
  Jessica (D:3)
  4 iguanas
  Terence (D:2)
  Natasha (thrice) (D:2)
  An orc wizard (D:7)
  A killer bee zombie (D:5)
  A hound skeleton (D:4)
  A howler monkey skeleton (D:6)
  8 adders
  4 river rats (Sewer)
  A shadow imp (D:7)
  A white imp (D:6)
  3 worms
  3 dart slugs
  17 orcs
  5 endoplasms
  7 giant cockroaches
  9 goblins
  10 hobgoblins
  6 jackals (D:3)
  4 quokkas (D:3)
  10 ball pythons
  2 bats
  3 frilled lizards
  18 kobolds
  25 rats
193 creatures vanquished.

Vanquished Creatures (others)
  2 fungi (D:8)
  2 plants (D:8)
4 creatures vanquished.

Grand Total: 197 creatures vanquished

Notes
Turn   | Place    | Note
-------+----------+-------------------------------------------
     0 | D:1      | SensoryNuts the Demonspawn Fighter began the quest for the
                  | Orb.
     0 | D:1      | Reached XP level 1. HP: 18/18 MP: 1/1
   325 | D:1      | Gained mutation: You have large cloven feet. [demonic
                  | ancestry]
   325 | D:1      | Reached XP level 2. HP: 18/24 MP: 2/2
   761 | D:2      | Noticed Terence
   775 | D:2      | Killed Terence
   776 | D:2      | Reached skill level 2 in Long Blades
   776 | D:2      | Gained mutation: You are partially covered in sharp spines.
                  | [demonic ancestry]
   776 | D:2      | Reached XP level 3. HP: 15/29 MP: 3/3
  1000 | D:2      | Noticed Natasha
  1007 | D:2      | Killed Natasha
  1008 | D:2      | Gained mutation: When seriously injured, your blood forms
                  | armour. (AC +9) [demonic ancestry]
  1008 | D:2      | Reached XP level 4. HP: 14/35 MP: 4/4
  1186 | D:2      | Noticed Natasha
  1200 | D:2      | Killed Natasha
  1342 | D:2      | Found a snail-covered altar of Cheibriados.
  1410 | D:2      | Found Vil Fogo's Weapon Shop.
  1470 | D:2      | Noticed Natasha
  1479 | D:2      | Killed Natasha
  1480 | D:2      | Reached skill level 3 in Long Blades
  1480 | D:2      | Gained mutation: When seriously injured, your blood forms
                  | thick armour. (AC +9) [demonic ancestry]
  1480 | D:2      | Reached XP level 5. HP: 33/42 MP: 5/5
  1763 | D:2      | Found a runed translucent door.
  1764 | D:2      | Noticed Crazy Yiuf
  1777 | D:2      | Killed Crazy Yiuf
  1902 | D:3      | Found a glowing drain.
  1920 | Sewer    | Entered a sewer
  2237 | Sewer    | Reached XP level 6. HP: 46/48 MP: 6/6
  2289 | Sewer    | Reached skill level 4 in Long Blades
  2566 | Sewer    | Reached skill level 1 in Dodging
  2934 | D:3      | Found a faded altar of an unknown god.
  2938 | D:3      | Noticed Grinder
  2967 | D:3      | Killed Grinder
  2968 | D:3      | Reached XP level 7. HP: 45/54 MP: 7/7
  3202 | D:3      | Noticed Jessica
  3206 | D:3      | Killed Jessica
  3207 | D:3      | Reached skill level 5 in Long Blades
  3561 | D:3      | Gained mutation: You are weak. (Str -2) [potion of
                  | mutation]
  3561 | D:3      | Gained mutation: You are robust. (+10% HP) [potion of
                  | mutation]
  3561 | D:3      | Gained mutation: You are resistant to electric shocks.
                  | (rElec) [potion of mutation]
  3562 | D:3      | Lost mutation: You are weak. (Str -2) [potion of mutation]
  3562 | D:3      | Lost mutation: You are resistant to electric shocks.
                  | (rElec) [potion of mutation]
  3562 | D:3      | Lost mutation: You are robust. (+10% HP) [potion of
                  | mutation]
  3562 | D:3      | Gained mutation: You possess an exceptional clarity of
                  | mind. [potion of mutation]
  3562 | D:3      | Lost mutation: You possess an exceptional clarity of mind.
                  | [potion of mutation]
  3562 | D:3      | Gained mutation: You are strong-willed. (Will+) [potion of
                  | mutation]
  4588 | D:5      | Entered Level 5 of the Dungeon
  4993 | D:5      | Reached skill level 6 in Long Blades
  5143 | D:5      | Gained mutation: A meltable shield of frost defends you.
                  | (SH +4) [demonic ancestry]
  5143 | D:5      | Reached XP level 8. HP: 60/60 MP: 8/8
  5233 | D:5      | Reached skill level 5 in Armour
  5700 | D:6      | Reached skill level 7 in Long Blades
  5717 | D:6      | Found a staircase to the Ecumenical Temple.
  5750 | Temple   | Entered the Ecumenical Temple
  6409 | Temple   | Became a worshipper of Gozag Ym Sagoz the Greedy
  6556 | D:6      | Found a broken altar of Ashenzari.
  6645 | D:6      | Reached skill level 8 in Long Blades
  6902 | D:6      | Gained mutation: A meltable icy envelope protects you from
                  | harm. (AC +4) [demonic ancestry]
  6902 | D:6      | Reached XP level 9. HP: 61/66 MP: 9/9
  7114 | D:6      | Reached skill level 1 in Stealth
  7616 | D:7      | Reached skill level 9 in Long Blades
  7669 | D:7      | Found Cheibriados's Comfort Zone.
  7671 | D:7      | Found a snail-covered altar of Cheibriados.
  7704 | D:7      | Noticed a kobold demonologist
  7708 | D:7      | Noticed an orange demon
  7712 | D:7      | Noticed an orange demon
  7713 | D:7      | Killed a kobold demonologist
  8630 | D:8      | Noticed a two-headed ogre
  8646 | D:8      | Killed a two-headed ogre
  8647 | D:8      | Reached skill level 5 in Fighting
  8647 | D:8      | Reached skill level 10 in Long Blades
  8647 | D:8      | Gained mutation: You have hoof-like feet. [demonic
                  | ancestry]
  8647 | D:8      | Reached XP level 10. HP: 58/74 MP: 10/10
  8833 | D:8      | Found Nubyoptu's Island Escapes.
  8914 | D:8      | Found a staircase to the Lair.
  9519 | D:9      | Noticed a two-headed ogre
  9550 | D:9      | Slain by an ice devil

Illustrated notes

Levels and vault maps discovered:
D:1:      lemuel_arrival_rhombus, layout_loops_ring
D:2:      layout_loops_ring, serial_shops, shop, basic_altar,
          uniq_crazy_yiuf_cottage, uniq_terence, uniq_natasha
D:3:      layout_loops_ring, portal_sewer_entry_f,
          chequers_ecumenical_altar_island, minmay_goblin_kobold_house,
          uniq_jessica, uniq_grinder
D:4:      nicolae_cairo_tiling, layout_basic
D:5:      layout_loops_corners, feat_on_display
D:6:      layout_gridville, lemuel_tele_altar, minmay_temple_entry_glassed_door
D:7:      layout_cave_pools, serial_park_tiny_pond, grunt_decor_one_mirror,
          minmay_shop_chei, minmay_puff
D:8:      layout_cave_pools, grunt_lair_entry_orc_guard_hut,
          nicolae_island_escapes
D:9:      layout_irregular_city
Temple:   mainiacjoe_temple_starburst

Skill      XL: |  1  2  3  4  5  6  7  8  9 |
---------------+----------------------------+-----
Shields        | 3 4 |  4.4
Long Blades    | 2 3 4 6 8 10 | 10.4
Armour         | 3 4 5 6 |  6.9
Dodging        | 1 2 |  2.8
Fighting       | 4 5 |  5.1
Stealth        | 2 |  2.2

Action                   |  1- 3 |  4- 6 |  7- 9 | 10-12 || total
-------------------------+-------+-------+-------+-------++-------
Melee: Long sword        |    45 |   132 |   188 |    29 ||   394
       Kick              |     9 |    21 |    65 |     7 ||   102
  Use: Scroll            |       |     3 |    11 |     2 ||    16
       Potion            |       |     2 |     7 |     2 ||    11
 Stab: Distracted        |       |       |     1 |       ||     1
Armor: Scale mail        |    17 |    45 |    36 |     5 ||   103
Dodge: Dodged            |    14 |    41 |    51 |    12 ||   118
Block: Buckler           |    10 |    34 |    45 |     6 ||    95

Table legend: (Time is in decaauts)
 A = Elapsed time spent in this place.
 B = Non-inter-level travel time spent in this place.
 C = Inter-level travel time spent in this place.
 D = Time resting spent in this place.
 E = Time spent auto-exploring this place.
 F = Levels seen in this place.
 G = Mean time per level.
                   A        B        C        D        E       F      G
               +--------+--------+--------+--------+--------+-----+--------+
         Total |   9641 |   8534 |   1107 |      0 |   7278 |  11 |  876.5 |
       Dungeon |   7906 |   6925 |    981 |      0 |   5913 |   9 |  878.4 |
        Temple |    737 |    611 |    126 |      0 |    593 |   1 |  737.0 |
         Sewer |    997 |    997 |      0 |      0 |    772 |   1 |  997.0 |
               +--------+--------+--------+--------+--------+-----+--------+

Top non-repeatable levels by time:
     D:2: 1198 daAuts
     D:7: 1133 daAuts
     D:5: 1110 daAuts
     D:6: 1045 daAuts
   Sewer: 997 daAuts
     D:4: 915 daAuts
     D:3: 847 daAuts
  Temple: 737 daAuts
     D:1: 714 daAuts
     D:8: 543 daAuts
     D:9: 397 daAuts
